Map: Orbital Shipyard

Players

uThermal - Winner!

  • Race: Terran Terran
  • League: Grandmaster

LiquidBunny (Bunny)

  • Race: Terran Terran
  • League: Grandmaster

Event: NationWars III

VOD

Have the link to the VOD?

Description

Time

  • Played on: Dec. 10, 2015, 1:46 p.m.
  • Length: 8:46

All games in this series

Show
View Real Time Build Order
Export as new Build Order

uThermal Terran - Winner!

Build Orders: Reaper Expand, MMM Bio 

Get SALT Encoding   

  12  0:00  SCV  
  13  0:13  SCV  
  14  0:17  Supply Depot  
  14  0:25  SCV  
  15  0:39  SCV  
  15  0:40  Barracks  
  16  0:44  Refinery  
  16  0:51  SCV  
  17  1:03  SCV  
  18  1:15  SCV  
  19  1:27  Orbital Command  
  19  1:28  Reaper  
  20  1:40  Command Center  
  20  1:52  Supply Depot  
  20  1:53  SCV  
  21  2:00  Marine  
  22  2:05  Factory  
  22  2:07  SCV  
  23  2:15  Refinery  
  23  2:18  Marine  
  23  2:19  SCV  
  25  2:31  SCV  
  25  2:35  Marine  
  26  2:43  SCV  
  29  2:51  Hellion  
  29  2:53  SCV, Marine  
  29  2:58  SCV  
  29  3:00  Starport  
  30  3:11  Marine  
  32  3:13  Hellion  
  32  3:17  Orbital Command  
  32  3:19  SCV  
  32  3:29  Marine  
  32  3:31  SCV  
  32  3:33  Widow Mine  
  36  3:36  Medivac  
  36  3:40  Barracks  
  36  3:41  Supply Depot  
  38  3:43  SCV  
  38  3:44  SCV  
  38  3:47  Marine  
  41  3:53  Supply Depot  
  41  3:57  SCV x2  
  43  4:02  Factory Tech Lab  
  43  4:04  Marine  
  44  4:13  SCV  
  44  4:18  SCV  
  44  4:21  Cyclone  
  48  4:25  SCV, Engineering Bay  
  48  4:28  Barracks Reactor, Barracks Tech Lab, Barracks  
  48  4:31  SCV  
  50  4:32  Refinery  
  50  4:37  SCV  
  51  4:38  Medivac  
  51  4:43  SCV  
  54  4:48  Stimpack, Marine  
  54  4:49  SCV  
  56  4:55  SCV  
  55  5:01  Siege Tank  
  55  5:02  SCV  
  55  5:06  Marine  
  54  5:07  SCV, Marine  
  54  5:10  Marine  
  54  5:14  SCV, Barracks  
  58  5:15  Refinery  
  58  5:16  Barracks  
  58  5:19  SCV  
  57  5:21  Starport Reactor  
  57  5:24  Marine  
  57  5:26  SCV  
  59  5:31  Supply Depot, SCV  
  58  5:37  Marine  
  58  5:38  SCV  
  58  5:40  Marine  
  60  5:43  SCV  
  60  5:46  Barracks Reactor  
  61  5:54  Marine  
  61  5:55  Siege Tank  
  65  5:58  Supply Depot  
  65  5:59  Supply Depot  
  65  6:03  Barracks Reactor x2  
  65  6:05  Medivac  
  65  6:08  Medivac  
  65  6:10  Marine  
  70  6:19  Terran Infantry Weapons Level 1  
  70  6:20  SCV x2  
  72  6:27  Marine  
  72  6:28  Supply Depot, Marine  
  72  6:30  Siege Tank  
  72  6:32  SCV  
  77  6:37  Medivac  
  77  6:39  SCV, Marine  
  78  6:41  Marine  
  78  6:44  Marine  
  78  6:45  Marine  
  81  6:50  Supply Depot, Combat Shields  
  81  6:52  Marine  
  82  6:54  Marine  
  82  6:57  Medivac  
  82  7:00  Marine  
  82  7:01  Marine  
  87  7:07  Marine x2  
  89  7:11  Siege Tank, Marine  
  89  7:15  Marine  
  94  7:20  Marine, Medivac  
  97  7:24  Marine x2  
  97  7:26  Supply Depot  
  97  7:27  Marine  
  100  7:34  Marine  
  101  7:40  Marine  
  102  7:45  Supply Depot  
  102  7:47  Medivac, Marine  
  102  7:48  Siege Tank  
  108  7:54  Marine x2  
  110  8:06  Medivac, Marine x2  
  110  8:07  Marine x2  
  110  8:08  Supply Depot  
  110  8:09  Marine x2  
  118  8:15  Marine  
  118  8:18  Marine x2  
Show
View Real Time Build Order
Export as new Build Order

LiquidBunny Terran 

Build Orders: Bio Tank, MMM Bio 

Get SALT Encoding   

  12  0:00  SCV  
  13  0:12  SCV  
  14  0:18  Supply Depot  
  14  0:24  SCV  
  15  0:40  SCV, Barracks  
  16  0:45  Refinery  
  16  0:52  SCV  
  17  1:01  Barracks  
  17  1:04  SCV  
  18  1:16  SCV  
  19  1:19  Barracks  
  19  1:28  SCV  
  19  1:30  Reaper  
  21  1:33  Refinery  
  21  1:44  Orbital Command  
  21  1:49  Reaper  
  22  1:56  Supply Depot  
  22  2:02  Reaper  
  23  2:17  SCV, Supply Depot  
  25  2:23  Reaper  
  25  2:29  SCV  
  27  2:36  Reaper  
  27  2:41  SCV  
  28  2:44  Factory  
  28  2:54  SCV, Reaper  
  29  3:06  SCV  
  29  3:11  Reaper  
  30  3:18  Command Center  
  30  3:19  SCV  
  32  3:20  Reaper  
  32  3:29  Factory Tech Lab, Supply Depot  
  32  3:31  SCV  
  32  3:33  Marine  
  34  3:43  Marine  
  34  3:47  SCV, Cyclone  
  39  4:02  Command Center  
  39  4:08  Engineering Bay  
  39  4:09  SCV  
  40  4:13  Marine  
  40  4:14  Marine  
  42  4:17  Marine  
  42  4:27  Siege Tank  
  42  4:30  Marine  
  46  4:37  Orbital Command  
  46  4:46  SCV  
  46  4:49  Marine  
  48  4:58  SCV  
  49  5:06  SCV  
  38  5:08  Marine x2  
  38  5:10  SCV  
  38  5:13  Marine  
  38  5:22  SCV  
  38  5:23  Siege Tank  
  38  5:26  Marine x2  
  43  5:31  Marine  
  43  5:35  SCV x2  
  42  5:37  Orbital Command  
  41  5:47  Barracks Reactor, SCV x2  
  41  5:48  Barracks Tech Lab  
  41  5:49  Barracks Tech Lab  
  43  5:57  Starport  
  43  5:59  SCV  
  43  6:00  SCV  
  43  6:03  Siege Tank  
  48  6:04  SCV  
  48  6:09  Stimpack  
  49  6:11  SCV  
  49  6:12  SCV  
  49  6:15  Marine  
  49  6:16  SCV  
  53  6:20  Combat Shields  
  53  6:21  Marine  
  53  6:23  SCV  
  53  6:25  SCV  
  56  6:27  Marine x2  
  56  6:28  SCV  
  59  6:33  Marine  
  59  6:36  SCV  
  59  6:37  SCV  
  59  6:39  Marine  
  60  6:45  Marine x2  
  60  6:46  Siege Tank  
  65  6:48  Barracks  
  65  6:51  Barracks, Marine  
  65  6:53  Refinery  
  66  6:55  Refinery  
  66  6:56  Marine  
  66  6:58  SCV, Starport Reactor  
  66  6:59  SCV  
  69  7:03  Marine x2  
  69  7:07  SCV  
  72  7:09  Marine  
  72  7:11  SCV  
  72  7:14  Marine  
  75  7:17  SCV  
  75  7:21  Marine  
  77  7:29  Supply Depot x2  
  77  7:34  Engineering Bay  
  77  7:37  Supply Depot  
  77  7:38  Barracks Reactor  
  77  7:40  Barracks Reactor  
  77  7:44  Supply Depot  
  77  7:49  Medivac x2, Marine x4  
  77  7:50  SCV x2  
  87  7:55  Siege Tank  
  87  7:57  SCV  
  86  8:05  SCV  
  86  8:06  Marine x4  
  86  8:12  SCV  
  86  8:14  SCV  
  86  8:15  Marine  
  82  8:21  Marine x2  
  82  8:22  Marine  
  82  8:24  Marine x3  
  82  8:25  SCV  
Tags
 
Add a new tag
Caveats
  • Supply blocks, unpowered buildings, or Contaminate may cause inaccurate times.
  • Supply counts are checked every 10 seconds.